 Dungeon Crawl Stone Soup version 0.29-a0-529-gfa20dd96a1 (webtiles) character file.

Game seed: 12529808723662627249

188 zeratav the Archer (level 5, -2/29 HPs)
             Began as a Deep Elf Hunter on June 1, 2022.
             Slain by an orc
             ... wielding a +0 falchion
              (6 damage)
             ... on level 4 of the Dungeon.
             The game lasted 00:02:52 (2667 turns).

zeratav the Archer (Deep Elf Hunter)                Turns: 2667, Time: 00:02:52

Health: -2/29      AC:  3    Str:  8    XL:     5   Next: 39%
Magic:  7/7        EV: 12    Int: 14    God:
Gold:   88         SH:  0    Dex: 20    Spells: 4/4 levels left

rFire   + . .      SeeInvis .   a - +1 shortbow {bow}
rCold   . . .      Faith    .   (shield currently unavailable)
rNeg    . . .      Spirit   .   b - +0 leather armour
rPois   .          Reflect  .   (no helmet)
rElec   .          Harm     .   (no cloak)
rCorr   .          Rampage  .   (no gloves)
Will    .....                   (no boots)
Stlth   ++........              (no amulet)
HPRegen 0.09/turn               r - ring of protection from fire
MPRegen 0.10/turn               (no ring)

@: no status effects
A: no striking features
a: no special abilities


You were on level 4 of the Dungeon.
You visited 1 branch of the dungeon, and saw 4 of its levels.

You collected 88 gold pieces.


   Skills:
 - Level 1.5 Fighting
 + Level 8.9 Bows
 - Level 2.4 Dodging
 - Level 1.2 Stealth


You had 4 spell levels left.
You didn't know any spells.
Your spell library contained the following spells:

 Spells                   Type           Power      Damage    Failure   Level
 Apportation              Tloc           0%         N/A       38%         1
 Necrotize                Necr           0%         1d4       38%         1
 Sublimation of Blood     Necr           0%         N/A       54%         2
 Wereblood                Tmut           0%         N/A       54%         2
 Vampiric Draining        Necr           0%         2d6       77%         3
 Agony                    Necr           0%         N/A       100%        5
 Alistair's Intoxication  Tmut/Pois      0%         N/A       100%        5
 Fireball                 Conj/Fire      0%         3d3       100%        5
 Starburst                Conj/Fire      0%         6d3       100%        6
 Summon Hydra             Summ           0%         N/A       100%        7
 Ignition                 Fire           0%         3d3       100%        8

Inventory:

Hand Weapons
 a - a +1 shortbow (weapon) {bow}
Armour
 b - a +0 leather armour (worn)
 j - a +0 robe
   (You found it on level 1 of the Dungeon)
 m - a +0 leather armour
   (You took it off an orc on level 2 of the Dungeon)
 o - a +0 leather armour
   (You took it off an orc on level 2 of the Dungeon)
 u - a +0 leather armour
   (You found it on level 3 of the Dungeon)
 w - a +0 robe
   (You found it on level 4 of the Dungeon)
 x - a +0 leather armour
   (You took it off an orc on level 4 of the Dungeon)
Jewellery
 r - a ring of protection from fire (left hand)
   (You found it on level 3 of the Dungeon)
Scrolls
 c - 2 scrolls of immolation {!r!r}
 f - 2 scrolls of magic mapping {unknown}
 h - 4 scrolls of amnesia {unknown}
 i - a scroll of poison {unknown}
 k - a scroll of identify {unknown}
 l - 2 scrolls of summoning {unknown}
 n - a scroll of brand weapon {unknown}
 p - a scroll of torment {unknown}
 q - a scroll of noise {unknown}
 v - a scroll of blinking {unknown}
Potions
 d - a potion of berserk rage {unknown}
 e - a potion of attraction {unknown}
 g - a potion of might {unknown}
 s - a potion of brilliance {unknown}
 t - a potion of haste {unknown}

Dungeon Overview and Level Annotations

Branches:
Dungeon (4/15)
 Temple: D:4-7

Altars:

Shops:
D:2 ! D:3

[ #..).[#
#.....#
#.....###
#.......#
#.......#
#.......#
####..o....#
....).o@...#
....###.#### .
#.# #)#
#.#########
#.........######
#######.#......#
#.#.####.# #.#.#
#.#


You could see an orc priest and an orc.


Message History

The orc priest shouts!
You hear a shout! x2
Unknown command.
You shoot an arrow. The arrow hits the orc priest!
The orc priest begins to cast a cantrip, but forgets the words!
You shoot an arrow.
The arrow closely misses the orc priest.
An orc wizard comes into view. It is wielding a +0 dagger.
You shoot an arrow. The arrow hits the orc priest!
You kill the orc priest!
You hear the slow rusting of a distant drain.
An orc comes into view. It is wielding a +0 falchion.
An orc priest comes into view. It is wielding a +0 dagger.
You have reached level 5!
HP[+4] MP[+1]
You now have 29 max hp (+4).
Your hp is fully restored (29).
Your mp is fully restored (7).
Shoot: a) +1 shortbow {bow}
Press: ? - help, Q - select action Shift-Dir - straight line, f - orc wizard
Aim: an orc wizard, wielding a +0 dagger and wearing a +0 robe (61% to hit)
You shoot an arrow.
The arrow closely misses the orc wizard.
Shoot: a) +1 shortbow {bow}
Press: ? - help, Q - select action Shift-Dir - straight line, f/p - orc wizard
Aim: an orc wizard, wielding a +0 dagger and wearing a +0 robe (61% to hit)
You shoot an arrow.
The arrow closely misses the orc wizard.
The arrow hits the orc priest but does no damage.
Shoot: a) +1 shortbow {bow}
Press: ? - help, Q - select action Shift-Dir - straight line, f/p - orc wizard
Aim: an orc wizard, wielding a +0 dagger and wearing a +0 robe (61% to hit)
You shoot an arrow. The arrow misses the orc wizard.
The arrow hits the orc priest!
The orc wizard points at you and mumbles some strange words.
The puff of flame hits you. You resist.
The orc priest looks encouraged for a moment.
HP[-4]
You take 4 damage, and now have 25/29 hp.
Shoot: a) +1 shortbow {bow}
Press: ? - help, Q - select action Shift-Dir - straight line, f/p - orc wizard
Aim: an orc wizard, wielding a +0 dagger and wearing a +0 robe (61% to hit)
You shoot an arrow.
The arrow hits the orc wizard but does no damage.
The orc wizard hits you with a +0 dagger.
The orc priest mumbles some strange prayers to Beogh against you.
Beogh smites you!
* * * LOW HITPOINT WARNING * * *
HP[-15]
You take 15 damage, and now have 10/29 hp.
MASSIVE DAMAGE!! (PAUSE) Shoot: a) +1 shortbow {bow}
Press: ? - help, Q - select action Shift-Dir - straight line, f/p - orc wizard
Aim: an orc wizard, wielding a +0 dagger and wearing a +0 robe (61% to hit)
You shoot an arrow.
The arrow hits the orc wizard but does no damage.
The orc wizard hits you with a +0 dagger.
* * * LOW HITPOINT WARNING * * *
HP[-3]
You take 3 damage, and now have 7/29 hp.
Shoot: a) +1 shortbow {bow}
Press: ? - help, Q - select action Shift-Dir - straight line, f/p - orc wizard
Aim: an orc wizard, wielding a +0 dagger and wearing a +0 robe (61% to hit)
You shoot an arrow. The arrow hits the orc wizard.
The orc wizard hits you with a +0 dagger.
* * * LOW HITPOINT WARNING * * *
The orc barely misses you.
HP[-2]
You take 2 damage, and now have 5/29 hp.
Shoot: a) +1 shortbow {bow}
Press: ? - help, Q - select action Shift-Dir - straight line, f/p - orc wizard
Aim: an orc wizard, wielding a +0 dagger and wearing a +0 robe (lightly wounded, 61% to hit)
You shoot an arrow. The arrow hits the orc wizard.
The orc wizard barely misses you. The orc completely misses you.
Shoot: a) +1 shortbow {bow}
Press: ? - help, Q - select action Shift-Dir - straight line, f/p - orc wizard
Aim: an orc wizard, wielding a +0 dagger and wearing a +0 robe (heavily wounded, 61% to hit)
You shoot an arrow. The arrow hits the orc wizard!
You kill the orc wizard!
The orc closely misses you.
Shoot: a) +1 shortbow {bow}
Press: ? - help, Q - select action Shift-Dir - straight line, f - orc priest
Aim: an orc priest, wielding a +0 dagger and wearing a +0 chain mail (severely wounded, 73% to hit)
You shoot an arrow.
The arrow hits the orc priest but does no damage.
The orc closely misses you.
The orc priest hits you with a +0 dagger.
* * * LOW HITPOINT WARNING * * *
HP[-1]
You take 1 damage, and now have 4/29 hp.
Shoot: a) +1 shortbow {bow}
Press: ? - help, Q - select action Shift-Dir - straight line, f/p - orc priest
Aim: an orc priest, wielding a +0 dagger and wearing a +0 chain mail (severely wounded, 73% to hit)
You shoot an arrow.
The arrow closely misses the orc priest.
The orc barely misses you. The orc priest closely misses you.
Shoot: a) +1 shortbow {bow}
Press: ? - help, Q - select action Shift-Dir - straight line, f/p - orc priest
Aim: an orc priest, wielding a +0 dagger and wearing a +0 chain mail (severely wounded, 73% to hit)
You shoot an arrow. The arrow barely misses the orc priest.
The orc hits you with a +0 falchion.
You die...

Skill      XL: |  1  2  3  4 |
---------------+-------------+-----
Bows           | 6 7 8 |  8.9
Fighting       | |  1.5
Dodging        | |  2.4
Stealth        | |  1.2

Action                   |  1- 3 |  4- 6 || total
-------------------------+-------+-------++-------
 Fire: Shortbow          |   100 |    67 ||   167
Armor: Leather armour    |     7 |     9 ||    16
Dodge: Dodged            |    15 |    31 ||    46

Levels and vault maps discovered:
D:1:      dpeg_arrival_stonehenge_8_columns, layout_basic,
          shapermc_ecumenical_altar_flowoftime
D:2:      layout_loops_ring, serial_shops, nicolae_shop_trees, minmay_domino_2
D:3:      layout_loops_corners, serial_shops, shop
D:4:      layout_basic, lemuel_coloured_pillars_altar, portal_sewer_entry_f,
          chequers_serial_rivers_marsh

Notes
Turn   | Place    | Note
-------+----------+-------------------------------------------
     0 | D:1      | zeratav the Deep Elf Hunter began the quest for the Orb.
     0 | D:1      | Reached XP level 1. HP: 12/12 MP: 3/3
     0 | D:1      | magus.rc [v1.9.6]
   112 | D:1      | Found a faded altar of an unknown god.
   248 | D:1      | Reached skill level 6 in Bows
   248 | D:1      | Reached XP level 2. HP: 16/16 MP: 4/4
   770 | D:2      | Reached XP level 3. HP: 20/20 MP: 5/5
   908 | D:2      | Reached skill level 7 in Bows
   932 | D:2      | Found Alorr's Distillery.
  1497 | D:3      | Found Myim's Armour Shop.
  1502 | D:3      | Reached XP level 4. HP: 25/25 MP: 6/6
  1673 | D:3      | You pick up a book of Blood and begin reading...
  1673 | D:3      | You add the spells Sublimation of Blood, Wereblood and
                  | Summon Hydra to your library.
  1739 | D:3      | You pick up a book of Necromancy and begin reading...
  1739 | D:3      | You add the spells Necrotize, Vampiric Draining and Agony
                  | to your library.
  1877 | D:3      | You pick up a book of Fire and begin reading...
  1877 | D:3      | You add the spells Fireball, Starburst and Ignition to your
                  | library.
  1917 | D:3      | Reached skill level 8 in Bows
  2294 | D:3      | You pick up a book of Party Tricks and begin reading...
  2294 | D:3      | You add the spells Apportation and Alistair's Intoxication
                  | to your library.
  2657 | D:4      | Reached XP level 5. HP: 29/29 MP: 7/7
  2661 | D:4      | HP: 7/29 [orc wizard/+0 dagger (3)]
  2667 | D:4      | Slain by an orc

Vanquished Creatures
  An orc priest (D:4)
  An orc wizard (D:4)
  4 gnolls (D:3)
  2 adders
  A dart slug (D:1)
  6 orcs
  7 ball pythons
  5 endoplasms (D:1)
  5 giant cockroaches
  7 goblins
  4 hobgoblins
  7 jackals
  A quokka (D:1)
  4 bats (D:2)
  7 frilled lizards
  4 kobolds
  2 rats
68 creatures vanquished.

Table legend:
 A = Non-vault XP
 B = Vault XP
 C = Vault XP percentage of total XP
 D = Non-vault monster count
 E = Vault monster count
 F = Vault count percentage of total count
                 A         B        C        D         E       F
            +---------+---------+-------+---------+---------+-------
      Total |     266 |       3 |   1.1 |      66 |       2 |   2.9
            +---------+---------+-------+---------+---------+-------
        D:1 |      39 |       0 |   0.0 |      22 |       0 |   0.0
        D:2 |      54 |       3 |   5.3 |      22 |       2 |   8.3
        D:3 |      80 |       0 |   0.0 |      11 |       0 |   0.0
        D:4 |      93 |       0 |   0.0 |      11 |       0 |   0.0
            +---------+---------+-------+---------+---------+-------

Illustrated notes

Table legend:
 A = Kills in this place as a percentage of kills in entire the game.
 B = Kills by you in this place as a percentage of kills by you in the entire game.
 C = Kills by friends in this place as a percentage of kills by friends in the entire game.
 D = Other kills in this place as a percentage of other kills in the entire game.
 E = Experience gained in this place as a percentage of experience gained in the entire game.
 F = Experience gained in this place divided by the number of levels of this place that you have seen.
                   A       B       C       D       E      F
               +-------+-------+-------+-------+-------+----------------------
         Total | 100.0 | 100.0 |   N/A |   N/A | 100.0 |  67.2
       Dungeon | 100.0 | 100.0 |   N/A |   N/A | 100.0 |  67.2
               +-------+-------+-------+-------+-------+----------------------

Table legend: (Time is in decaauts)
 A = Elapsed time spent in this place.
 B = Non-inter-level travel time spent in this place.
 C = Inter-level travel time spent in this place.
 D = Time resting spent in this place.
 E = Time spent auto-exploring this place.
 F = Levels seen in this place.
 G = Mean time per level.
                   A        B        C        D        E       F      G
               +--------+--------+--------+--------+--------+-----+--------+
         Total |   2698 |   2620 |     78 |      0 |   2317 |   4 |  674.5 |
       Dungeon |   2698 |   2620 |     78 |      0 |   2317 |   4 |  674.5 |
               +--------+--------+--------+--------+--------+-----+--------+

Top non-repeatable levels by time:
     D:3: 965 daAuts
     D:1: 764 daAuts
     D:2: 755 daAuts
     D:4: 213 daAuts
